 Dungeon Crawl Stone Soup version 0.17-a0-854-g4a4ba72 (webtiles) character file.

152 RobertPalmer the Cutter (level 5, 0/30 HPs)
             Began as a Kobold Hunter on Apr 29, 2015.
             Succumbed to kobold's curare-tipped needle
             ... on level 3 of the Dungeon.
             The game lasted 00:06:18 (3348 turns).

RobertPalmer the Cutter (Kobold Hunter)             Turns: 3348, Time: 00:06:18

Health: 0/30       AC:  4    Str: 10    XL:     5   Next: 60%
Magic:  5/5        EV: 15    Int: 10    God:
Gold:   118        SH:  0    Dex: 17    Spells: 0 memorised, 4 levels left

rFire  . . .     SeeInvis .     a - +1 dagger (speed)
rCold  . . .     Clarity  .     k - +0 leather armour
rNeg   . . .     SustAb   .     (shield restricted)
rPois  .         Gourm    .     (no helmet)
rElec  .         Spirit   .     g - +0 cloak
rCorr  .         Warding  .     (no gloves)
rMut   .         Stasis   .     (no boots)
MR     .....                    (no amulet)
Stlth  ++........               (no ring)
                                (no ring)

@: lethally poisoned (0 -> -30), slowed, very slow, not resistant to hostile
enchantments, unstealthy
A: carnivore 3
a: no special abilities


You were on level 3 of the Dungeon.
You were not hungry.

You visited 1 branch of the dungeon, and saw 3 of its levels.

You collected 118 gold pieces.

Inventory:

Hand weapons
 a - a +1 dagger of speed (weapon)
   (You found it on level 1 of the Dungeon)
 b - a +1 hand crossbow
Missiles
 c - 35 bolts
Armour
 g - a +0 cloak (worn)
   (You found it on level 1 of the Dungeon)
 k - a +0 leather armour (worn)
   (You found it on level 3 of the Dungeon)
Scrolls
 e - a scroll of teleportation
 h - a scroll of amnesia
 j - 7 scrolls of identify
 l - a scroll of remove curse
Potions
 d - a potion of curing
Comestibles
 f - a slice of pizza
 n - a beef jerky


   Skills:
 - Level 2.1 Fighting
 - Level 6.0 Short Blades
 - Level 4.8 Crossbows
 - Level 2.4 Dodging
 + Level 2.6 Stealth


You had 4 spell levels left.
You didn't know any spells.

Dungeon Overview and Level Annotations

Branches:
Dungeon (3/15)

Altars:
Cheibriados

Annotations:
D:3 namelastname112's ghost, average DrHu


Innate Abilities, Weirdness & Mutations

You are small and have problems with some larger weapons.
You are carnivorous and can eat meat at any time.


Message History

A rat comes into view.
The rat barely misses you. The rat bites you but does no damage.
Wear which item? (? for menu, Esc to quit)
Okay, then.
You hit the rat.
You kill the rat!
Wear which item? (? for menu, Esc to quit)
You start removing your armour.
You continue taking off your +0 leather armour. x4
You finish taking off your +0 leather armour.
You start putting on your armour.
You continue putting on your runed leather armour. x5
You finish putting on your cursed +0 leather armour.
Oops, that feels deathly cold.
Health restored: 30 Read which item? (? for menu, Esc to quit)
As you read the scroll labeled MOQINUBR QOHELE, it crumbles to dust.
You feel forgetful for a moment.
It was a scroll of amnesia.
Read which item? (? for menu, Esc to quit)
As you read the scroll labeled LIULAA LOLALO JUPP, it crumbles to dust.
You feel as if something is helping you.
It was a scroll of remove curse.
Read which item? (? for menu, Esc to quit)
As you read the scroll labeled HAGALO NAYSUPA, it crumbles to dust.
You hear a crunching sound.
It was a scroll of random uselessness.
Drop what? 13/52 slots (_ for help) (? for menu, Esc to quit)
You drop a +0 leather armour.
Drop what? 12/52 slots (_ for help) (? for menu, Esc to quit)
You drop a wand of slowing {empty}.
Unknown command.
(D) Dungeon
Where to? (Enter - D:2 @ (x,y), ? - help)
There is a stone staircase leading down here.
You climb downwards.
Level annotation: namelastname112's ghost, average DrHu
There is a stone staircase leading up here.
A rat comes into view.
A rat is nearby!
A rat is nearby!
A rat is nearby!
A rat is nearby!
The helpless rat fails to defend itself.
You impale the rat!!
You kill the rat!
No target in view!
No target in view!
You see here a bread ration {@e1}.
A kobold comes into view. It is wielding a short sword.
A kobold is nearby!
A kobold is nearby!
A kobold is nearby!
A kobold is nearby!
The kobold shouts!
The kobold unwields an uncursed short sword.
The kobold wields a blowgun.
The kobold shoots a curare-tipped needle.
The curare-tipped needle misses you.
The kobold shoots a curare-tipped needle.
The curare-tipped needle completely misses you.
You see here 2 curare-tipped needles.
There are no items here.
You start waiting.
The kobold shoots a curare-tipped needle.
The curare-tipped needle hits you.
You are poisoned.
You have difficulty breathing.
You feel yourself slow down.
A bat comes into view.
You see here 3 curare-tipped needles.
You take 6 damage, and have 24/30 hp.
You feel sick. The bat barely misses you.
You see here a potion of curing.
You take 1 damage, and have 23/30 hp.
d - a potion of curing You feel sick.
The bat hits you but does no damage.
The kobold shoots a curare-tipped needle.
The curare-tipped needle hits you.
You are more poisoned.
You have difficulty breathing.
You feel as though you will be slow longer.
You take 10 damage, and have 13/30 hp.
MASSIVE DAMAGE!!
Unknown command.
You miss the bat.
You feel sick. The bat closely misses you. The bat closely misses you.
You take 1 damage, and have 12/30 hp.
You miss the bat. The bat hits you but does no damage.
You hit the bat.
You feel sick. The bat closely misses you.
The kobold shoots a curare-tipped needle.
The curare-tipped needle hits you.
You are lethally poisoned!
You have difficulty breathing.
* * * LOW HITPOINT WARNING * * *
You feel as though you will be slow longer.
You take 8 damage, and have 4/30 hp.
MASSIVE DAMAGE!!
Unknown command.
Unknown command.
You die...

....##.#)..# ...........# .. ##
....#.....### .. #..####.
########....###... # ###.#....
#.....#.... .#####.....##.
##...#..####...........##>
##....#...........###....
##.....bK............>...
##.<#..##@######..####.... ##
##.W....##(..####........(.
####.##..##...####......#######.#
#.......###.........####### ##..#
#.........................###...#
#..........#.######.#####..#...##
####.###.....# #.# #.....#.# ##
#.....# ####.####.#...#.##
#.....# #......).^#.#.....


You could see a bat and a kobold.

Vanquished Creatures
  4 adders (D:2)
  2 gnolls
  5 worms
  An orc (D:2)
  8 bats
  10 giant cockroaches
  8 goblins
  10 hobgoblins
  12 jackals
  2 quokkas (D:2)
  3 giant geckos
  2 giant newts
  8 kobolds
  6 rats
81 creatures vanquished.

Notes
Turn   | Place    | Note
--------------------------------------------------------------
     0 | D:1      | RobertPalmer, the Kobold Hunter, began the quest for the Orb.
     0 | D:1      | Reached XP level 1. HP: 12/12 MP: 1/1
    53 | D:1      | Reached skill level 1 in Short Blades
   139 | D:1      | Reached skill level 2 in Short Blades
   139 | D:1      | Reached XP level 2. HP: 7/17 MP: 2/2
   622 | D:1      | Reached skill level 3 in Short Blades
   636 | D:1      | Reached XP level 3. HP: 17/21 MP: 3/3
   946 | D:1      | Reached skill level 4 in Short Blades
  1366 | D:2      | Reached XP level 4. HP: 23/26 MP: 4/4
  1738 | D:2      | Reached skill level 5 in Short Blades
  1879 | D:2      | Found a snail-covered altar of Cheibriados.
  1912 | D:2      | Reached XP level 5. HP: 17/30 MP: 5/5
  2744 | D:2      | Reached skill level 6 in Short Blades
  2942 | D:3      | Noticed namelastname112's ghost (average DrHu)
  3051 | D:2      | Reached skill level 2 in Stealth
  3347 | D:3      | HP: 4/30 [asphyx]
  3348 | D:3      | Succumbed to kobold's curare-tipped needle

Action                   |  1- 3 |  4- 6 || total
-------------------------+-------+-------++-------
Melee: Short sword       |    44 |       ||    44
       Dagger            |   118 |   221 ||   339
 Fire: Hand crossbow     |     7 |    39 ||    46
Evoke: Wand              |       |     6 ||     6
  Use: Scroll            |     2 |     3 ||     5
       Potion            |       |     2 ||     2
 Stab: Sleeping          |     3 |     5 ||     8
  Eat: Chunk             |     3 |     2 ||     5
       Meat ration       |     1 |       ||     1

Vault maps used:
D:1:      minmay_arrival_diagonal_passages
D:2:      cheibriados_altar_wand_db
D:3:      first_bread

Table legend:
 A = Turns spent in this place as a percentage of turns spent in the entire game.
 B = Non-inter-level travel turns spent in this place as a percentage of non-inter-level travel turns spent in the entire game.
 C = Inter-level travel turns spent in this place as a percentage of turns spent in this place.
 D = Turns resting spent in this place as a percentage of non-inter-level travel turns spent in this place.
 E = Turns spent auto-exploring this place as a percentage of non-inter-level travel turns spent in this place.
 F = Non-inter-level travel turns spent in this place divided by the number of levels of this place that you've seen.
                   A       B       C       D       E      F
               +-------+-------+-------+-------+-------+----------------------
         Total | 100.0 | 100.0 |   0.4 |   1.9 |   7.3 | 430.0
       Dungeon | 100.0 | 100.0 |   0.4 |   1.9 |   7.3 | 430.0
               +-------+-------+-------+-------+-------+----------------------

Table legend:
 A = Kills in this place as a percentage of kills in entire the game.
 B = Kills by you in this place as a percentage of kills by you in the entire game.
 C = Kills by friends in this place as a percentage of kills by friends in the entire game.
 D = Other kills in this place as a percentage of other kills in the entire game.
 E = Experience gained in this place as a percentage of experience gained in the entire game.
 F = Experience gained in this place divided by the number of levels of this place that you have seen.
                   A       B       C       D       E      F
               +-------+-------+-------+-------+-------+----------------------
         Total | 100.0 | 100.0 |  -nan |  -nan | 100.0 |  72.7
       Dungeon | 100.0 | 100.0 |  -nan |  -nan | 100.0 |  72.7
               +-------+-------+-------+-------+-------+----------------------
